AoeStats
← Crazy_Owl

Arena

509367554Analyzed
1v1 RM · 6d ago on Sep 26, 2026· 37m 25s· 2 players
Game mode
Random Map
Map size
Tiny (2 player)
Population
200
Speed
Normal
Resources
Standard
Victory
Conquest
Starting age
Dark Age
Ending age
Imperial Age
RankedLock teamsTeams togetherTeam positionsShared explorationLock speedFull tech treeHidden civsTurbo modeCheats
Victory
Defeat
🇨🇳 Turks · China
944
+13
🇳🇱 Goths · Netherlands
885
-13
Crazy_Owl
11:09 Feudal Age
12:26 Wheelbarrow
11:40 Double-Bit Axe
11:49 Horse Collar
18:04 Castle Age
16:09 Man-at-Arms
17:50 Scale Mail Armor
18:03 Forging
19:25 Bow Saw
20:19 Heavy Plow
25:48 Gold Mining
26:58 Loom
27:26 Squires
27:21 Fletching
28:56 Chain Mail Armor
30:32 Long Swordsman
32:03 Iron Casting
31:24 Bodkin Arrow
32:12 Anarchy
zekzhang1995
11:19 Feudal Age
9:34 Loom
12:47 Loom
15:54 Castle Age
14:07 Double-Bit Axe
14:03 Horse Collar
14:14 Stone Mining
16:51 Bow Saw
16:42 Heavy Plow
24:09 Imperial Age
21:55 Gold Mining
23:31 Gold Shaft Mining
30:15 Elite Janissary
30:57 Town Watch
31:40 Padded Archer Armor
33:15 Wheelbarrow
32:59 Leather Archer Armor
34:19 Artillery
37:03 Ring Archer Armor
37:14 Conscription
Connection lost

Rejoining the realm…

Still unreachable

The connection could not be restored.

Session expired

The server has moved on; the page needs a fresh start.